 Dungeon Crawl Stone Soup version 0.15-a0-1472-ge546950 (webtiles) character file.

508 Chiseanne the Sneak (level 7, -2/47 HPs)
             Began as an Octopode Assassin on June 13, 2014.
             Slain by an orc
             ... wielding a +0,+0 flail
              (6 damage)
             ... on Level 4 of the Dungeon.
             The game lasted 00:09:07 (3331 turns).

Chiseanne the Sneak (Octopode Assassin)             Turns: 3331, Time: 00:09:08

HP  -2/47        AC  1     Str 15      XL: 7   Next: 18%
MP   7/7         EV 13     Int 13      God:
Gold 141         SH  0     Dex 16      Spells:  0 memorised,  6 levels left

rFire  . . .     SeeInvis .     a - +2 dagger
rCold  . . .     Clarity  .     (no shield)
rNeg   . . .     rCorr    .     (helmet restricted)
rPois  .         rRot     .     (no amulet)
rElec  .         Spirit   .     b - ring of flight
SustAb .         Warding  .     (no ring)
rMut   .         Stasis   .     (no ring)
Gourm  .                        (no ring)
MR     .....                    (no ring)
                                (no ring)
                                (no ring)
                                (no ring)

@: mighty, not resistant to hostile enchantments, quite stealthy
A: almost no armour, amphibious, 8 rings, constrict 8, camouflage 1, gelatinous
body 1
a: Evoke Flight


You were on level 4 of the Dungeon.
You were very hungry.

You visited 1 branch of the dungeon, and saw 4 of its levels.

You collected 141 gold pieces.

Inventory:

Hand weapons
 a - a +2,+2 dagger (weapon)
 c - a +1,+0 war axe of flaming
 f - a +4,+3 quarterstaff of chaos
 n - a +0,+0 mace
 s - a +0,+0 hammer of holy wrath
 w - a +0 blowgun
Missiles
 d - 2 tomahawks (quivered)
 e - 10 poisoned needles
 v - 18 exploding sling bullets
Comestibles
 g - a bread ration
 k - a meat ration
Scrolls
 i - a scroll of fog {unknown}
 j - 2 scrolls of magic mapping {unknown}
 l - 3 scrolls of identify
 m - a scroll of teleportation {unknown}
 o - 3 scrolls of remove curse {unknown}
 t - a scroll of enchant weapon II {unknown}
 x - 2 scrolls of amnesia {unknown}
Jewellery
 b - a ring of flight (left tentacle)
 y - an uncursed ring of ice
Potions
 p - a potion of restore abilities


   Skills:
 * Level 3.7 Fighting
 * Level 3.8 Short Blades
 * Level 3.9 Throwing
 * Level 3.3 Dodging
 * Level 6.9 Stealth


You had 6 spell levels left.
You didn't know any spells.

Dungeon Overview and Level Annotations

Branches:
Dungeon (4/15)
 Temple: D:4-7

Altars:
Nemelex Xobeh


Innate Abilities, Weirdness & Mutations

You cannot wear most types of armour.
You are amphibious.
You can wear up to eight rings at the same time.
You can use your tentacles to constrict many enemies at once.
Your skin changes colour to match your surroundings (Stealth).
Your rubbery body absorbs attacks (AC +1).


Message History

* * * LOW HITPOINT WARNING * * *
Wield which item (- for none, * to show all)? (? for menu, Esc to quit)
a - a +2,+2 dagger (weapon)
You hit the orc wizard but do no damage.
You grab the orc wizard. You constrict the orc wizard.
The orc hits you with a flail.
* * * LOW HITPOINT WARNING * * *
You hit the orc wizard but do no damage.
The orc wizard is lightly wounded.
You constrict the orc wizard. The orc wizard closely misses you.
The orc closely misses you.
You hit the orc wizard but do no damage.
The orc wizard is moderately wounded.
You constrict the orc wizard, but do no damage.
The orc wizard hits you with a dagger.
* * * LOW HITPOINT WARNING * * *
Drink which item? (? for menu, Esc to quit)
You feel very mighty all of a sudden.
You constrict the orc wizard. The orc hits you with a flail.
You die...

.... ........... .....
............ #....
#............ ..#...(##
##............
.#.(...(###.............
#.................%.....
#$..(..................
#.#oo.(..............
#..@................
#...(...............
##..................
#...........###.....
##...#%....## ##....
#...##.....# #....
#.###......# #....
####..#....%# #.....
#.##.#............


You could see an orc wizard and an orc.

Vanquished Creatures
  Prince Ribbit (D:4)
  A giant frog skeleton (D:3)
  Crazy Yiuf (D:2)
  3 worker ants (D:4)
  4 gnolls (D:3)
  2 giant mites
  4 adders
  2 worms
  A giant gecko (D:2)
  2 orcs (D:4)
  6 giant cockroaches
  7 hobgoblins
  12 jackals
  2 ball pythons
  9 bats
  3 giant newts
  7 goblins
  A goblin skeleton (D:4)
  4 kobolds
  9 rats
81 creatures vanquished.

Notes
Turn   | Place    | Note
--------------------------------------------------------------
     0 | D:1      | Chiseanne, the Octopode Assassin, began the quest for the Orb.
     0 | D:1      | Reached XP level 1. HP: 14/14 MP: 1/1
   153 | D:1      | Reached XP level 2. HP: 19/19 MP: 2/2
   754 | D:2      | Reached XP level 3. HP: 22/24 MP: 3/3
  1143 | D:2      | Reached XP level 4. HP: 30/30 MP: 4/4
  1320 | D:2      | Noticed Crazy Yiuf
  1330 | D:2      | Killed Crazy Yiuf
  1702 | D:3      | Reached skill level 6 in Stealth
  1702 | D:3      | Reached XP level 5. HP: 26/35 MP: 5/5
  2910 | D:4      | Found a sparkling altar of Nemelex Xobeh.
  2941 | D:4      | Noticed Prince Ribbit
  2959 | D:4      | HP: 1/36 [Prince Ribbit (9)]
  2989 | D:4      | Killed Prince Ribbit
  2989 | D:4      | Reached XP level 6. HP: 18/42 MP: 6/6
  3174 | D:4      | Noticed a water moccasin
  3175 | D:4      | Reached XP level 7. HP: 46/46 MP: 7/7
  3331 | D:4      | Slain by an orc

Action                   |  1- 3 |  4- 6 |  7- 9 || total
-------------------------+-------+-------+-------++-------
Melee: Dagger            |    65 |    82 |    20 ||   167
       Hammer            |       |     5 |       ||     5
 Fire: Blowgun           |       |    28 |     7 ||    35
Throw: Tomahawk          |     2 |     1 |     3 ||     6
  Use: Potion            |       |     2 |     3 ||     5
       Scroll            |       |     3 |       ||     3
 Stab: Sleeping          |    11 |     3 |     1 ||    15
       Invisible         |       |     1 |       ||     1
